 Dungeon Crawl Stone Soup version 0.19-a0-1888-g6ba2374 (webtiles) character file.

660 Naow the Ducker (level 7, -3/52 HPs)
             Began as a Formicid Fighter on Oct 17, 2016.
             Slain by an ogre
             ... wielding a +0 giant club
              (13 damage)
             ... on level 4 of the Dungeon.
             The game lasted 00:05:22 (3680 turns).

Naow the Ducker (Formicid Fighter)                  Turns: 3680, Time: 00:05:23

Health: -3/52      AC:  8    Str: 27    XL:     7   Next: 86%
Magic:  2/2        EV: 11    Int:  8    God:
Gold:   131        SH: 10    Dex: 10    Spells: 0 memorised, 6 levels left

rFire  x . .     SeeInvis +     y - +4 hand axe (antimagic)
rCold  + . .     Gourm    .     b - +0 scale mail
rNeg   . . .     Faith    .     c - +0 shield
rPois  .         Spirit   .     (helmet unavailable)
rElec  .         Dismiss  .     (no cloak)
rCorr  .         Reflect  .     l - +0 pair of gloves
MR     .....     Harm     .     (no boots)
Stlth  ..........               (no amulet)
                                (no ring)
                                t - ring of ice

@: mighty
A: permanent stasis, dig shafts and tunnels, four strong arms, antennae 3
a: Dig, Shaft Self


You were on level 4 of the Dungeon.
You were not hungry.

You visited 1 branch of the dungeon, and saw 4 of its levels.

You collected 131 gold pieces.

Inventory:

Hand Weapons
 a - a +0 war axe
 y - a +4 antimagic hand axe (weapon)
Armour
 b - a +0 scale mail (worn)
 c - a +0 shield (worn)
 l - a +0 pair of gloves (worn)
Jewellery
 t - a ring of ice (left hand)
Scrolls
 e - a scroll of recharging {unknown}
 h - 3 scrolls of remove curse {unknown}
 i - 2 scrolls of magic mapping {unknown}
 k - 3 scrolls of identify {unknown}
 m - 2 scrolls of enchant weapon {unknown}
 n - a scroll of blinking {unknown}
 u - a scroll of amnesia {unknown}
 v - a scroll of noise {unknown}
 w - a scroll of teleportation {unknown}
Potions
 g - a potion of flight {unknown}
 j - a potion of cancellation {unknown}
 o - 4 potions of curing {unknown}
 p - 2 potions of heal wounds {unknown}
 q - a potion of degeneration {unknown}
 r - a potion of ambrosia {unknown}
Comestibles
 f - 4 bread rations
 s - a beef jerky
 x - 5 chunks of flesh


   Skills:
 - Level 3.2 Fighting
 + Level 4.3 Axes
 - Level 3.2 Armour
 - Level 6.2 Dodging
 - Level 3.6 Shields


You had 6 spell levels left.
You didn't know any spells.

Dungeon Overview and Level Annotations

Branches:
Dungeon (4/15)
 Temple: D:4-7

Altars:


Innate Abilities, Weirdness & Mutations

You are under a permanent stasis effect.
You can dig through walls and to a lower floor.
Your four strong arms can wield two-handed weapons with a shield.
You have a pair of large antennae on your head. (SInv)


Message History

You block the orc priest's attack. The ogre barely misses you.
Unknown command.
Your shield and scale mail prevent you from hitting the ogre.
The ogre is lightly wounded.
You slash the orc priest! You hit the orc. You block the orc's attack.
The ogre closely misses you.
You barely miss the ogre.
The ogre is lightly wounded.
You slash the orc priest!
You kill the orc priest!
You hit the orc.
You kill the orc!
You block the orc wizard's attack.
You slash the ogre!
The ogre is severely wounded.
You slash the orc wizard!
The orc wizard's magic leaks into the air.
The orc wizard hits you but does no damage.
The ogre hits you with a giant club!
You die...

.####.... .........
#.......) #....w...
#........ #........
#### #.........
....#####O........
.#....#.@o........
........)).......
.#.#..?...............
^........##..##...#...
#..##..#.#..## #..#..#
. #..#...##
##..#..#### #...#..##
#.......... #.#.#.##
##.#........
..#.#..####..#........


You could see an ogre, an orc wizard and a dart slug.

Vanquished Creatures
  The ghost of veneficus the Poker, an amateur MiBe of Trog (D:4)
  A scorpion (D:3)
  A howler monkey (D:3)
  2 hounds (D:3)
  4 orc priests
  3 orc wizards (D:3)
  4 adders (D:3)
  A gnoll (D:1)
  3 oozes
  2 worms
  2 leopard geckos (D:3)
  11 orcs
  8 bats
  5 giant cockroaches
  4 goblins
  6 hobgoblins
  19 jackals
  A ball python (D:1)
  2 frilled lizards (D:3)
  8 kobolds
  4 rats
92 creatures vanquished.

Notes
Turn   | Place    | Note
-------+----------+-------------------------------------------
     0 | D:1      | Naow the Formicid Fighter began the quest for the Orb.
     0 | D:1      | Reached XP level 1. HP: 18/18 MP: 1/1
    71 | D:1      | Reached skill level 1 in Dodging
    71 | D:1      | Reached XP level 2. HP: 24/24 MP: 2/2
   132 | D:1      | Reached skill level 2 in Dodging
   190 | D:1      | Reached XP level 3. HP: 29/29 MP: 3/3
   533 | D:2      | Reached XP level 4. HP: 35/35 MP: 4/4
   543 | D:2      | Reached skill level 3 in Dodging
  1223 | D:3      | Reached XP level 5. HP: 6/41 MP: 5/5
  1519 | D:3      | Reached skill level 4 in Dodging
  1521 | D:3      | HP: 2/41 [poisoned by a scorpion]
  1972 | D:3      | Reached XP level 6. HP: 42/47 MP: 6/6
  2102 | D:3      | Reached skill level 5 in Dodging
  2844 | D:4      | Noticed veneficus's ghost (amateur MiBe)
  3272 | D:3      | Reached skill level 6 in Dodging
  3272 | D:3      | Reached XP level 7. HP: 22/52 MP: 7/7
  3612 | D:4      | Killed veneficus's ghost
  3680 | D:4      | Slain by an ogre

Vault maps used:
D:1:      lightli_arrival_farm
D:3:      wad_pebble_path, first_bread

Skill      XL: |  1  2  3  4  5  6  7 |
---------------+----------------------+-----
Dodging        | 1 2 3 4 6 |  6.2
Axes           | 4 |  4.3
Fighting       | |  3.2
Armour         | |  3.2
Shields        | |  3.6

Action                   |  1- 3 |  4- 6 |  7- 9 || total
-------------------------+-------+-------+-------++-------
Melee: War axe           |    73 |   256 |    40 ||   369
       Hand axe          |       |       |    14 ||    14
  Use: Potion            |       |       |     1 ||     1
  Eat: Chunk             |       |     8 |     2 ||    10
Armor: Scale mail        |    21 |   145 |    25 ||   191
Dodge: Dodged            |    42 |   130 |    21 ||   193
Block: Shield            |    43 |   187 |    39 ||   269
